 Dungeon Crawl Stone Soup version 0.30.1-9-gdf580d7c3d (webtiles) character file.

Game seed: 8353701393760161163

72 Ivernyr the Ducker (level 4, -2/23 HPs)
             Began as a Spriggan Gladiator on Sept 24, 2023.
             Slain by a sleepcap (21 damage)
             ... on level 4 of the Dungeon.
             The game lasted 00:03:45 (1792 turns).

Ivernyr the Ducker (Spriggan Gladiator)             Turns: 1792, Time: 00:03:46

Health: -2/23      AC:  3    Str: 10    XL:     4   Next: 6%
Magic:  5/5        EV:  4    Int:  9    God:
Gold:   170        SH:  0    Dex: 18    Spells: 3/3 levels left

rFire   . . .        m - +9 trident of Shrieking Terror {freeze, rElec}
rCold   . . .        (shield currently unavailable)
rNeg    . . .        b - +0 robe
rPois   .            c - +0 hat
rElec   +            q - +0 cloak
rCorr   .            (gloves unavailable)
SInv    +            (boots unavailable)
Will    .....        (no amulet)
Stlth   ++           (no ring)
HPRegen 0.23/turn    (no ring)
MPRegen 0.09/turn

%: no passive effects
@: sleeping, very quick
A: very small, no large weapons, unfitting armour, see invisible, speed 3
a: no special abilities


You were on level 4 of the Dungeon.
You visited 1 branch of the dungeon, and saw 4 of its levels.

You collected 170 gold pieces.

Inventory:

Hand Weapons
 a - a +0 long sword
 m - the +9 trident of Shrieking Terror (weapon) {freeze, rElec}
   (You found it on level 2 of the Dungeon)

   rElec:     It insulates you from electricity.
Missiles
 d - 3 throwing nets (quivered)
 e - 2 boomerangs
Armour
 b - a +0 robe (worn)
 c - a +0 hat (worn)
 q - a +0 cloak (worn)
Scrolls
 f - a scroll of fog {unknown}
 g - 5 scrolls of teleportation {unknown}
 l - a scroll of enchant weapon {unknown}
 p - a scroll of immolation {unknown}
 r - 3 scrolls of fear {unknown}
 s - a scroll of butterflies {unknown}
 t - a scroll of enchant armour {unknown}
 u - a scroll of amnesia {unknown}
Potions
 h - a potion of resistance {unknown}
 i - a potion of cancellation {unknown}
 j - 2 potions of curing {unknown}
 k - a potion of attraction {unknown}
 n - a potion of might {unknown}
 o - a potion of haste {unknown}


   Skills:
 + Level 2.1 Fighting
 * Level 3.2 Long Blades
 - Level 2.0 Throwing
 + Level 1.0 Armour
 + Level 4.6 Dodging


You had 3 spell levels left.
You didn't know any spells.
Your spell library contained the following spells:

 Spells                   Type           Power      Damage    Failure   Level
 Static Discharge         Conj/Air       0%         2-2/arc   52%         2
 Dazzling Flash           Conj/Hex       0%         N/A       77%         3
 Volatile Blastmotes      Fire/Tloc      0%         2d10      77%         3
 Airstrike                Air            0%         2d(0-16)  99%         4
 Iskenderun's Mystic Bla  Conj/Tloc      0%         2d3       99%         4
 Summon Lightning Spire   Summ/Air       0%         N/A       99%         4
 Starburst                Conj/Fire      0%         6d3       100%        6


Dungeon Overview and Level Annotations

Branches:
Dungeon (4/15)
 Temple: D:4-7

Altars:
Ru
Sif Muna
Trog


Innate Abilities, Weirdness & Mutations

You are very small and have problems with some larger weapons.
You are too small for most types of armour.
You have supernaturally acute eyesight. (SInv)
You cover ground extremely quickly. (Speed+++)


Message History

You puncture the frilled lizard! You freeze the frilled lizard.
You kill the frilled lizard!
You see here a frilled lizard corpse.
You open the door.
There is an open door here.
There is an open door here.
You open the door.
There is an open door here.
There is an open door here.
You see here a frilled lizard corpse.
You now have 170 gold pieces (gained 13).
An orc comes into view. It is wielding a +0 hand axe.
The orc shouts!
You hit the orc. You freeze the orc.
The orc is almost dead.
The orc misses you.
You puncture the orc! You freeze the orc.
You kill the orc!
You see here a +0 hand axe.
There is a stone staircase leading down here.
There is a stone staircase leading down here.
You see here a hobgoblin skeleton.
Done exploring.
Done exploring.
(D) Dungeon
Where to? (Enter - D:2, ? - help)
What level of the Dungeon? (default 1, ? - help)
There is a stone staircase leading down here.
You climb downwards.
Found 5 poisoned darts.
There is a stone staircase leading up here.
A sleepcap is nearby!
You puncture the sleepcap! You freeze the sleepcap.
The sleepcap is heavily damaged.
The sleepcap releases spores at you.
You are engulfed in a cloud of soporific spores!
You fall asleep.
The sleepcap releases spores at you!!
Ouch! That really hurt!
You die...

# #. .. ####..
.###.####.....#
........f...#
#..@# #..(#.#
....# #.. ###
####


You could see a sleepcap.

Vanquished Creatures
  2 adders
  2 worms
  An orc (D:3)
  5 endoplasms
  2 giant cockroaches (D:1)
  2 goblins (D:1)
  7 hobgoblins
  4 kobolds
  A quokka (D:3)
  7 ball pythons
  4 bats
  4 frilled lizards
  4 rats
45 creatures vanquished.

Notes
Turn   | Place    | Note
-------+----------+-------------------------------------------
     0 | D:1      | Ivernyr the Spriggan Gladiator began the quest for the Orb.
     0 | D:1      | Reached XP level 1. HP: 10/10 MP: 2/2
   315 | D:1      | Reached XP level 2. HP: 15/15 MP: 3/3
   591 | D:2      | Identified the +9 trident of Shrieking Terror {freeze,
                  | rElec}
   611 | D:2      | Found a bloodstained altar of Trog.
   666 | D:2      | Reached XP level 3. HP: 13/18 MP: 4/4
  1092 | D:3      | Found a shimmering blue altar of Sif Muna.
  1213 | D:3      | Found a sacrificial altar of Ru.
  1450 | D:3      | Found a faded altar of an unknown god.
  1556 | D:3      | Reached skill level 1 in Armour
  1556 | D:3      | Reached XP level 4. HP: 22/23 MP: 5/5
  1792 | D:4      | Slain by a sleepcap

Illustrated notes

Levels and vault maps discovered:
D:1:      psy_arrival_basics, layout_basic, minivault_23
D:2:      layout_rooms, basic_altar, minmay_distorted
D:3:      layout_basic, nicolae_ru_sacrificial_ziggurat,
          mainiacjoe_overflow_alcove_4, ebering_ecumenical_altar_hall
D:4:      layout_rooms, serial_rivers, chequers_serial_rivers_micro_e,
          chequers_serial_rivers_marsh, chequers_serial_rivers_micro_d,
          chequers_serial_rivers_small_b, chequers_serial_rivers_small_a

Skill      XL: |  1  2  3 |
---------------+----------+-----
Long Blades    | 3 |  3.2
Fighting       | 2 |  2.1
Armour         | 1 |  1.0
Throwing       | |  2.0
Dodging        | |  4.6

Action                     |  1- 3 |  4- 6 || total
---------------------------+-------+-------++-------
  Melee: Long sword        |    30 |       ||    30
         Trident           |    53 |     6 ||    59
   Stab: Sleeping          |     1 |       ||     1
 Armour: Robe              |    11 |       ||    11
  Dodge: Dodged            |    73 |     3 ||    76
